 Dungeon Sprint DCSS version 0.20-b1-18-gaa2fd62 (webtiles) character file.

966 potatolord6000 the Fighter (level 8, -10/79 HPs)
             Began as a Ghoul Gladiator on May 24, 2017.
             Was an Initiate of Gozag.
             Mangled by a yak (13 damage)
             ... in the Dungeon (Sprint IX: "|||||||||||||||||||||||||||||").
             The game lasted 00:04:52 (213 turns).

potatolord6000 the Fighter (Ghoul Gladiator)         Turns: 213, Time: 00:04:52

Health: -10/79     AC: 13    Str: 20    XL:     8   Next: 15%
Magic:  7/7        EV: 16    Int:  3    God:    Gozag
Gold:   0          SH:  0    Dex: 10    Spells: 7/7 levels left

rFire    . . .     SeeInvis .   n - +4 quarterstaff (speed)
rCold    + . .     Gourm    .   (shield currently unavailable)
rNeg     + + +     Faith    .   o - +2 ring mail
rPois    ∞         Spirit   .   b - +0 helmet
rElec    .         Reflect  .   (no cloak)
rCorr    .         Harm     .   m - +0 pair of gloves
MR       .....     NoTele   +   (no boots)
Stlth    ..........             (no amulet)
Regen    0.0/turn               p - +2 ring of protection
MPRegen  0.1/turn               a - +2 ring of evasion

@: gold aura, rotting
A: rotting body, claws 1, carnivore 3, cold resistance 1, negative energy
resistance 3, inhibited regeneration, torment resistance, unbreathing
a: Potion Petition, Call Merchant, Bribe Branch, Renounce Religion


You were in the Dungeon.
You worshipped Gozag.
Gozag was noncommittal.
You were not hungry.

You visited 1 branch

Inventory:

Hand Weapons
 n - a +4 quarterstaff of speed (weapon)
Armour
 b - a +0 helmet (worn)
 m - a +0 pair of gloves (worn)
 o - a +2 ring mail (worn)
Jewellery
 a - a +2 ring of evasion (right hand)
 p - a +2 ring of protection (left hand)
Scrolls
 j - 2 scrolls of blinking
 k - 3 scrolls of remove curse
 l - 2 scrolls of amnesia
Potions
 c - a potion of invisibility
 e - 5 potions of curing
 f - 3 potions of heal wounds
 g - a potion of haste
 h - 4 potions of magic
 i - a potion of berserk rage
Comestibles
 d - a meat ration


   Skills:
 + Level 9.8 Fighting
 + Level 7.3 Staves
 - Level 1.7 Throwing
 + Level 7.9 Armour
 + Level 8.5 Dodging
 - Level 4.8 Unarmed Combat


You had 7 spell levels left.
You didn't know any spells.

Dungeon Overview and Level Annotations

Branches:
Dungeon (1/1)

Altars:
Cheibriados
Dithmenos
Elyvilon
Fedhas
Gozag
Hepliaklqana
Kikubaaqudgha
Makhleb
Nemelex Xobeh
Okawaru
Qazlal
Ru
Sif Muna
Trog
Uskayaw
Vehumet
Xom
Yredelemnul
Zin
The Shining One
Beogh
Jiyva
Lugonu


Innate Abilities, Weirdness & Mutations

Your body is rotting away.
You thrive on raw meat.
You are immune to poison.
You have sharp fingernails.
You are carnivorous and can eat meat at any time.
Your flesh is cold resistant. (rC+)
You are immune to negative energy. (rN+++)
You do not regenerate when monsters are visible.
You are immune to unholy pain and torment.
You can survive without breathing.


Message History

Unknown command.
You hit the yak.
The yak is moderately wounded.
Unknown command.
You hit the yak.
The yak is heavily wounded.
The yak gores you but does no damage.
Unknown command.
You hit the yak.
The yak is heavily wounded.
Unknown command.
You barely miss the yak.
The yak is heavily wounded.
The yak misses you.
Unknown command.
You sock the yak!
The yak is severely wounded.
The yak gores you!
You die...
Your body crumbles into a pile of gold. $$$$$ $ $ $ $$$$$ $$$$ $ ▓▓▓▓▓▓▓▓▓▓▓▓▓▓▓▓▓▓▓▓▓▓▓ +....Y@$..[[.)/..'____. ▓▓▓▓▓▓▓▓▓▓▓▓▓▓▓▓▓▓▓▓▓▓▓

You could see a yak.

Vanquished Creatures
  A two-headed ogre (D)
  A hippogriff (D)
  An ogre (D)
  A jelly (D)
  An iguana (D)
  An ooze (D)
  An adder skeleton (D)
  A leopard gecko (D)
  An orc (D)
  A goblin (D)
  2 jackals (D)
  A kobold (D)
  A quokka (D)
  A frilled lizard (D)
15 creatures vanquished.

Notes
Turn   | Place    | Note
-------+----------+-------------------------------------------
     0 | D        | potatolord6000 the Ghoul Gladiator began the quest for the Orb.
     0 | D        | Reached XP level 1. HP: 17/17 MP: 0/0
     9 | D        | Reached skill level 1 in Armour
    11 | D        | Reached XP level 2. HP: 23/25 MP: 1/1
    12 | D        | Reached skill level 3 in Fighting
    93 | D        | Reached skill level 4 in Fighting
    93 | D        | Reached XP level 3. HP: 22/33 MP: 2/2
   103 | D        | Found a roughly hewn altar of Beogh.
   103 | D        | Found a snail-covered altar of Cheibriados.
   103 | D        | Found a shadowy altar of Dithmenos.
   103 | D        | Found a white marble altar of Elyvilon.
   103 | D        | Found a blossoming altar of Fedhas.
   103 | D        | Found an opulent altar of Gozag.
   104 | D        | Found a hazy altar of Hepliaklqana.
   105 | D        | Found a viscous altar of Jiyva.
   106 | D        | Found an ancient bone altar of Kikubaaqudgha.
   107 | D        | Found a corrupted altar of Lugonu.
   108 | D        | Found a burning altar of Makhleb.
   109 | D        | Found a sparkling altar of Nemelex Xobeh.
   110 | D        | Found an iron altar of Okawaru.
   111 | D        | Became a worshipper of Gozag Ym Sagoz the Greedy
   112 | D        | Found a stormy altar of Qazlal.
   113 | D        | Found a sacrificial altar of Ru.
   114 | D        | Found a deep blue altar of Sif Muna.
   115 | D        | Found a bloodstained altar of Trog.
   116 | D        | Found a hide-covered altar of Uskayaw.
   117 | D        | Found a radiant altar of Vehumet.
   119 | D        | Found a shimmering altar of Xom.
   120 | D        | Found a basalt altar of Yredelemnul.
   121 | D        | Found a glowing silver altar of Zin.
   122 | D        | Found a glowing golden altar of the Shining One.
   175 | D        | Noticed a yak
   175 | D        | Noticed a two-headed ogre
   175 | D        | Noticed a hippogriff
   175 | D        | Noticed an ogre
   180 | D        | Killed an ogre
   180 | D        | Reached skill level 5 in Fighting
   180 | D        | Reached skill level 5 in Dodging
   180 | D        | Reached XP level 4. HP: 28/42 MP: 3/3
   180 | D        | Reached XP level 5. HP: 33/48 MP: 4/4
   188 | D        | Killed a hippogriff
   188 | D        | Reached skill level 7 in Fighting
   188 | D        | Reached skill level 5 in Armour
   188 | D        | Reached XP level 6. HP: 22/60 MP: 5/5
   199 | D        | HP: 3/60 [two-headed ogre/giant club (5)]
   201 | D        | Killed a two-headed ogre
   201 | D        | Reached skill level 9 in Fighting
   201 | D        | Reached XP level 7. HP: 4/71 MP: 6/6
   201 | D        | Reached XP level 8. HP: 4/79 MP: 7/7
   204 | D        | HP: 3/79 [acid (1)]
   213 | D        | Mangled by a yak

Skill      XL: |  1  2  3  4  5  6 |
---------------+-------------------+-----
Armour         | 1 2 4 5 7 |  7.9
Dodging        | 3 4 5 6 8 |  8.5
Fighting       | 4 5 7 9 |  9.8
Unarmed Combat | 4 |  4.8
Staves         | 2 4 7 |  7.3
Throwing       | |  1.7

Action                   |  1- 3 |  4- 6 |  7- 9 || total
-------------------------+-------+-------+-------++-------
Melee: Unarmed           |    21 |       |       ||    21
       Quarterstaff      |     5 |    21 |    10 ||    36
  Eat: Chunk             |     1 |       |       ||     1
Armor: Leather armour    |     2 |       |       ||     2
       Ring mail         |       |     5 |     2 ||     7
Dodge: Dodged            |     8 |    15 |     4 ||    27
